 Dungeon Crawl Stone Soup version 0.28-a0-773-g130ae17fe5 (webtiles) character file.

Game seed: 8140220595042239702

22 croobank the Digger (level 2, 0/15 HPs)
             Began as a Gargoyle Earth Elementalist on Nov 2, 2021.
             Slain by a worm (6 damage)
             ... on level 2 of the Dungeon.
             The game lasted 00:05:24 (1477 turns).

croobank the Digger (Gargoyle Earth Elementalist)   Turns: 1477, Time: 00:05:25

Health: 0/15       AC:  4    Str: 11    XL:     2   Next: 91%
Magic:  5/5        EV: 12    Int: 15    God:
Gold:   20         SH:  0    Dex: 10    Spells: 2/5 levels left

rFire   + . .      SeeInvis .   o - staff of fire
rCold   . . .      Faith    .   (no shield)
rNeg    + . .      Spirit   .   b - +0 robe
rPois   ∞          Reflect  .   (no helmet)
rElec   +          Harm     .   (no cloak)
rCorr   .          Rampage  .   (no gloves)
Will    .....                   (no boots)
Stlth   ++........              i - amulet of magic regeneration
HPRegen 0.05/turn               (no ring)
MPRegen 0.34/turn               (no ring)

@: no status effects
A: sickness immunity, AC +2, negative energy resistance 1, electricity
resistance, torment resistance 1, petrification resistance
a: no special abilities


You were on level 2 of the Dungeon.
You visited 1 branch of the dungeon, and saw 2 of its levels.

You collected 20 gold pieces.

Inventory:

Hand Weapons
 a - a +0 dagger
 d - a +2 dagger of electrocution
 n - a +0 short sword
Missiles
 c - 51 stones
 e - 19 arrows
Armour
 b - a +0 robe (worn)
 l - a +0 scale mail
Magical Staves
 o - a staff of fire (weapon)
Jewellery
 i - an amulet of magic regeneration (around neck)
Scrolls
 k - a scroll of fog {unknown}
 m - a scroll of torment {unknown}
Potions
 f - a potion of magic
 g - 2 potions of heal wounds {unknown}
 h - 2 potions of lignification {unknown}
 j - a potion of curing {unknown}


   Skills:
 + Level 0.2 Fighting
 + Level 0.1 Short Blades
 + Level 1.8 Dodging
 + Level 2.1 Stealth
 + Level 2.2 Spellcasting
 + Level 0.7 Transmutations
 + Level 4.3 Earth Magic


You had 2 spell levels left.
You knew the following spells:

 Your Spells              Type           Power      Damage    Failure   Level
a - Sandblast             Erth           28%        2d8       3%          1
b - Passwall              Tmut/Erth      7%         N/A       12%         2

Your spell library contained the following spells:

 Spells                   Type           Power      Damage    Failure   Level
 Stone Arrow              Conj/Erth      16%        3d8       26%         3
 Petrify                  Tmut/Erth      9%         N/A       58%         4


Dungeon Overview and Level Annotations

Branches:
Dungeon (2/15)

Altars:


Innate Abilities, Weirdness & Mutations

You are immune to sickness and miasma.
Your stone body is resilient. (AC +2)
You are immune to poison.
You resist negative energy. (rN+)
You are resistant to electric shocks. (rElec)
You are resistant to unholy torment.
You are immune to petrification.


Message History

You hit the endoplasm but do no damage.
The endoplasm is moderately wounded.
The endoplasm barely misses you.
You hit the endoplasm.
The endoplasm is heavily wounded.
The endoplasm misses you.
You hit the endoplasm.
The endoplasm is severely wounded.
The endoplasm freezes you.
You are frozen.
You hit the endoplasm.
You kill the endoplasm!
You start resting.
HP restored.
Found a stone staircase leading down.
A worm comes into view.
Aiming: Sandblast (safe; 3% risk of failure)
Press: ? - help, Q - select action, (/) - cycle Shift-Dir - straight line, f - worm
Aim: a worm (93% to hit)
The blast of sand hits the worm.
The worm is moderately wounded.
The worm barely misses you.
You barely miss the worm.
The worm is moderately wounded.
The worm barely misses you.
You barely miss the worm.
The worm is moderately wounded.
You hit the worm.
The worm is heavily wounded.
The worm bites you!
Ouch! That really hurt!
You hit the worm but do no damage.
The worm is heavily wounded.
The worm misses you.
You hit the worm.
The worm is heavily wounded.
You hit the worm.
The worm is severely wounded.
The worm bites you.
You die...

....## >......
#####....# #........#
######### #........###
#.......# #...........
#.....#.###...........
#.....#...............
#.#.#@#.....##........
#....w#.....##........
#.....#.....##........
#.#.#.#...########.#..
#.....##### #...##.#..
#.....# #......... #.#
#.# #......... #. ..#
#.†....... ##...#.....


You could see a worm.

Vanquished Creatures
  4 endoplasms
  2 giant cockroaches (D:1)
  2 goblins (D:1)
  3 hobgoblins (D:1)
  A kobold (D:1)
  3 bats (D:1)
  A frilled lizard (D:2)
  3 rats
19 creatures vanquished.

Notes
Turn   | Place    | Note
-------+----------+-------------------------------------------
     0 | D:1      | croobank the Gargoyle Earth Elementalist began the quest
                  | for the Orb.
     0 | D:1      | Reached XP level 1. HP: 10/10 MP: 3/3
   481 | D:1      | Reached skill level 4 in Earth Magic
   481 | D:1      | Reached XP level 2. HP: 15/15 MP: 3/5
   793 | D:1      | Learned a level 2 spell: Passwall
  1477 | D:2      | Slain by a worm

Illustrated notes

Levels and vault maps discovered:
D:1:      dpeg_arrival_rhombus, layout_basic, minmay_tromino_mix6
D:2:      layout_basic, basic_altar, hellmonk_ecumenical_altar_arch_garden,
          columned_hall_lemuel, uniq_jessica, uniq_natasha

Skill      XL: |  1 |
---------------+----+-----
Earth Magic    | 4 |  4.3
Fighting       | |  0.2
Short Blades   | |  0.1
Dodging        | |  1.8
Stealth        | |  2.1
Spellcasting   | |  2.2
Transmutations | |  0.7

Action                   || total
-------------------------++-------
Melee: Unarmed           ||     9
       Dagger            ||    34
       Staff             ||    16
 Cast: Sandblast         ||    12
  Use: Scroll            ||     2
Armor: Robe              ||    16
Dodge: Dodged            ||    38

Table legend: (Time is in decaauts)
 A = Elapsed time spent in this place.
 B = Non-inter-level travel time spent in this place.
 C = Inter-level travel time spent in this place.
 D = Time resting spent in this place.
 E = Time spent auto-exploring this place.
 F = Levels seen in this place.
 G = Mean time per level.
                   A        B        C        D        E       F      G
               +--------+--------+--------+--------+--------+-----+--------+
         Total |   1478 |   1369 |    109 |    527 |    595 |   2 |  739.0 |
       Dungeon |   1478 |   1369 |    109 |    527 |    595 |   2 |  739.0 |
               +--------+--------+--------+--------+--------+-----+--------+

Top non-repeatable levels by time:
     D:1: 1301 daAuts
     D:2: 177 daAuts
